 Dungeon Crawl Stone Soup version 0.32-a0-135-g14f8b2e (webtiles) character file.

Game seed: 10867618741280497735

9112 jagoly the Grappler (level 11, -3/97 HPs)
             Began as a Yellow Draconian Chaos Knight on Feb 10, 2024.
             Was a Plaything of Xom.
             Hit by a large rock thrown by a cyclops (25 damage)
             ... on level 9 of the Dungeon.
             The game lasted 01:17:18 (10508 turns).

jagoly the Grappler (DrCK)                         Turns: 10508, Time: 01:17:18

Health: -3/97      AC:  9    Str: 24    XL:     11   Next: 18%
Magic:  9/9        EV: 14    Int: 12    God:    Xom [..*...]
Gold:   446        SH:  0    Dex: 14    Spells: 8/10 levels left

rFire   . .          .
                       - Unarmed
rCold   . . .        (no shield)
rNeg    . . .        (body armour unavailable)
rPois   .            (helmet restricted)
rElec   .            x - +0 cloak
rCorr   +            (no gloves)
SInv    .            i - +0 pair of boots
Will    .....        (no amulet)
Stlth   +++          n - +6 ring of strength
HPRegen 0.36/turn    (no ring)
MPRegen 0.11/turn

%: no passive effects
@: brilliant, short of breath, invisible
A: spit acid, AC +7, unfitting armour, cold-blooded, acid resistance, agile 1,
low MP 1, mutation resistance 1, inability to drink after injury 1
a: Breathe Acid, Renounce Religion


You were on level 9 of the Dungeon.
You worshipped Xom.
You were a toy of Xom.
You visited 1 branch of the dungeon, and saw 10 of its levels.

You collected 712 gold pieces.
You spent 266 gold pieces at shops.

Inventory:

Hand Weapons
 a - a +0 trident
 t - the +6 trident "Luxt" {freeze, ^Drain Fly rCorr Int+6}
   (You took it off a kobold on level 5 of the Dungeon)

   Int+6:     It affects your intelligence (+6).
   Fly:       It grants you flight.
   rCorr:     It protects you from acid and corrosion.
   ^Drain:    It drains your maximum health when unequipped.
 z - the +5 great sword of Understanding {speed, Int+2 Stlth+}
   (You found it on level 8 of the Dungeon)

   Int+2:     It affects your intelligence (+2).
   Stlth+:    It makes you more stealthy.
 C - a +0 orcbow
 J - a +5 halberd
Missiles
 b - 79 stones (quivered)
 f - 42 poisoned darts
 v - 6 boomerangs
 F - 2 throwing nets
 M - a curare-tipped dart
Armour
 i - a +0 pair of boots (worn)
 x - a +0 cloak (worn)
 I - a +0 kite shield
Jewellery
 n - a +6 ring of strength (left hand)
Wands
 r - a wand of flame (7)
 G - a wand of roots (3)
 N - a wand of mindburst (4)
 O - a wand of acid (4)
Scrolls
 d - 2 scrolls of fog
 e - 2 scrolls of vulnerability {unknown}
 j - 2 scrolls of noise
 m - a scroll of torment {unknown}
 p - a scroll of enchant weapon {unknown}
 y - a scroll of enchant armour {unknown}
 B - a scroll of immolation {unknown}
 D - a scroll of silence
 E - a scroll of poison {unknown}
 H - a scroll of revelation {unknown}
 K - a scroll of brand weapon {unknown}
Potions
 c - 6 potions of degeneration
 g - 2 potions of haste
 h - a potion of heal wounds
 k - 2 potions of might {unknown}
 l - 2 potions of attraction
 o - a potion of cancellation {unknown}
 q - 3 potions of enlightenment
 s - a potion of berserk rage {unknown}
 w - a potion of mutation {unknown}
 L - a potion of resistance {unknown}


   Skills:
 - Level 9.0 Fighting
 - Level 2.0 Throwing
 - Level 6.0 Dodging
 - Level 4.0 Stealth
 - Level 14.0 Unarmed Combat
 + Level 0.1 Translocations


You had 8 spell levels left.
You knew the following spells:

 Your Spells              Type           Power      Damage    Failure   Level
B - Blink                 Tloc           0%         N/A       43%         2

Your spell library contained the following spells:

 Spells                   Type           Power      Damage    Failure   Level
 Magic Dart               Conj           0%         1d3       32%         1
 Shock                    Conj/Air       0%         1d3       32%         1
 Call Imp                 Summ           0%         N/A       45%         2
 Ozocubu's Armour         Ice            0%         N/A       69%         3
 Swiftness                Air            0%         N/A       69%         3
 Airstrike                Air            0%         2d(0-16)  97%         4
 Summon Blazeheart Golem  Fire/Summ      0%         N/A       97%         4
 Metabolic Englaciation   Hex/Ice        0%         N/A       100%        5
 Sculpt Simulacrum        Ice/Alch       0%         N/A       100%        6
 Orb of Destruction       Conj           0%         9d5       100%        7
 Spellforged Servitor     Conj/Summ      0%         N/A       100%        7


Dungeon Overview and Level Annotations

Branches:
Dungeon (10/15) Zot: 24956  Temple (0/1) D:4            Lair (0/5) D:8
    Orc: D:9-12

Altars:
Elyvilon
Fedhas
Kikubaaqudgha
Okawaru
Vehumet
Xom
Yredelemnul

Shops:
D:10 ?

Annotations:
D:6 3 runed translucent doors, kasel's ghost, amateur FoFi


Innate Abilities, Weirdness & Mutations

You can spit globs of acid.
Your golden yellow scales are hard. (AC +7)
You cannot fit into any form of body armour.
You are cold-blooded and may be slowed by cold attacks.
You are resistant to acid. (rCorr)
You are agile. (Dex +4, Str/Int -1)
Your magical capacity is low. (-10% MP)
You are somewhat resistant to further mutation.
You occasionally lose the ability to drink potions when taking damage.


Message History

Aim: a hornet (severely wounded, poisoned, covered in acid, about 38% to evade your hands)
You hit the hornet. You tail-slap the hornet.
The hornet is almost dead.
You hear Xom's maniacal laughter.
Your body is wracked with pain!
The hornet barely misses you. x2
Attack: -) Nothing wielded
Press: ? - help, Dir - move target, f/p - hornet
Aim: a hornet (almost dead, poisoned, covered in acid, about 38% to evade your hands)
You pummel the hornet!!
You kill the hornet!
You have reached level 11!
Attack: -) Nothing wielded
Press: ? - help, Dir - move target, f - water moccasin
Aim: a water moccasin (about 40% to evade your hands)
You closely miss the water moccasin.
The water moccasin bites you but does no damage.
Attack: -) Nothing wielded
Press: ? - help, Dir - move target, f/p - water moccasin
Aim: a water moccasin (about 40% to evade your hands)
You punch the water moccasin!
The water moccasin is moderately wounded.
The water moccasin misses you.
Attack: -) Nothing wielded
Press: ? - help, Dir - move target, f/p - water moccasin
Aim: a water moccasin (moderately wounded, about 40% to evade your hands)
You closely miss the water moccasin.
The water moccasin is moderately wounded.
The water moccasin misses you.
Attack: -) Nothing wielded
Press: ? - help, Dir - move target, f/p - water moccasin
Aim: a water moccasin (moderately wounded, about 40% to evade your hands)
You barely miss the water moccasin.
The water moccasin is moderately wounded.
The water moccasin bites you but does no damage.
Attack: -) Nothing wielded
Press: ? - help, Dir - move target, f/p - water moccasin
Aim: a water moccasin (moderately wounded, about 40% to evade your hands)
You miss the water moccasin. You punch the water moccasin!
The water moccasin is severely wounded.
The water moccasin bites you but does no damage.
Attack: -) Nothing wielded
Press: ? - help, Dir - move target, f/p - water moccasin
Aim: a water moccasin (severely wounded, about 40% to evade your hands)
You closely miss the water moccasin.
The water moccasin is severely wounded.
The water moccasin bites you!
* * * LOW HITPOINT WARNING * * *
You are poisoned.
The water moccasin poisons you!
Attack: -) Nothing wielded
Press: ? - help, Dir - move target, f/p - water moccasin
Aim: a water moccasin (severely wounded, about 40% to evade your hands)
You punch the water moccasin!
You kill the water moccasin!
You feel very sick.
You feel very sick.
You feel sick.
There is a stone staircase leading down here.
You start resting.
You feel sick. x2
You have got your breath back.
You feel sick.
You start resting.
You feel sick. x4
You are no longer poisoned.
You start resting.
f - 48 poisoned darts (gained 1)
There is a stone staircase leading down here.
You start resting.
You are now a toy of Xom.
You start resting. "Let's go for a ride!"
Your surroundings suddenly seem different.
A troll and a wraith come into view.
Found a +0 robe.
Unknown command.
A centaur and a slime creature come into view.
The howler monkey hoots and howls with incredible vigour!
The centaur moves out of view.
You hear a shout! x4; You hear a bellow!
You hear a shout! x2
You hear a bellow! x3; You hear a shout!
You hear two shouts!
You hear a roar!
You hear an angry buzzing noise. x2
A yak comes into view.
You hear a shout!
Something hits you.
Deactivating autopickup; reactivate with Ctrl-A.
A howler monkey and an orc priest come into view.
The troll shouts!
The howler monkey howls!
You hear a bellow!
You hear an angry buzzing noise.
Something hits you but does no damage.
A tengu warrior comes into view. It is wielding a +0 war axe.
A yak comes into view.
You hear an angry hiss.
A yak comes into view.
Something hits you! The yak closely misses you.
A yak comes into view.
Something hits you but does no damage.
The howler monkey hoots and howls with incredible vigour!
The centaur warrior shouts!
You hear an angry buzzing noise. x3
You hear a shout! x2; You hear a roar!
You hear a shout!
You hear a roar!
You hear an angry hiss. x2
Something hits you but does no damage.
The orc priest mumbles some strange prayers to Beogh against you.
Beogh smites you!
The centaur warrior wields a +0 shortbow.
The centaur warrior shoots an arrow.
The arrow hits you!
A centaur comes into view.
As you read the scroll of summoning, it crumbles to dust.
Wisps of shadow whirl around you... Something completely misses you.
The centaur warrior shoots an arrow.
The arrow misses your howler monkey. The arrow hits you!
* * * LOW HITPOINT WARNING * * *
A killer bee comes into view.
The wight hits your howler monkey with a +2 short sword!
The wight drains your howler monkey.
Your howler monkey dies!
Your howler monkey's corpse dissolves into shadows!
The centaur warrior shoots an arrow.
The arrow hits you!
* * * LOW HITPOINT WARNING * * *
As you read the scroll of teleportation, it crumbles to dust.
You feel strangely unstable. Something closely misses you.
The two-headed ogre barely misses your centaur.
The two-headed ogre hits your centaur with a +0 giant club!
A yak comes into view.
Your centaur hits the centaur warrior.
Your centaur barely misses the centaur warrior.
The centaur warrior shoots an arrow.
The arrow hits you!
* * * LOW HITPOINT WARNING * * *
Okay, then.
Press: ? - help, Shift-Dir - straight line, f - yak
Aim: a yak (78% to hit)
You spit a glob of acid.
The glob of acid hits the yak!!
The acid corrodes the yak!
The acid splashes onto something!
The acid splashes onto the howler monkey!
The howler monkey is splashed with acid.
The acid corrodes the howler monkey!
The acid splashes onto the yak!
The yak is splashed with acid.
The acid corrodes the yak!
The acid splashes onto the howler monkey!
The howler monkey is splashed with acid.
The acid splashes onto the troll!
The troll is splashed with acid.
The acid corrodes the troll!
The yak is severely wounded.
Something hits you!
* * * LOW HITPOINT WARNING * * *
Your centaur hits the centaur warrior!
Your centaur kicks the centaur warrior.
The killer bee barely misses your howler monkey.
Your howler monkey barely misses the centaur warrior.
The two-headed ogre hits your centaur with a +1 dire flail of protection!
The two-headed ogre hits your centaur with a +0 giant club!
Your centaur dies!
Your centaur's corpse dissolves into shadows!
The howler monkey hoots and howls with incredible vigour!
You hear a bellow!
You hear an angry buzzing noise.
You hear a roar!
Okay, then.
Press: ? - help, v - describe, . - travel
Here: a centaur warrior, wielding a +0 shortbow (lightly wounded)
The floor.
Unknown command.
Unknown command.
Unknown command.
Attack: -) Nothing wielded
Press: ? - help, Dir - move target, f - centaur warrior, p - yak
Aim: a centaur warrior, wielding a +0 shortbow (lightly wounded, about 23% to evade your hands)
You punch the centaur warrior!
You tail-slap the centaur warrior, but do no damage.
The centaur warrior is moderately wounded.
Something hits you.
* * * LOW HITPOINT WARNING * * *
The killer bee stings your howler monkey.
Something hits you.
* * * LOW HITPOINT WARNING * * *
Your howler monkey hits the centaur warrior but does no damage.
The centaur warrior unwields a +0 shortbow.
The centaur warrior misses you.
The centaur warrior kicks you but does no damage.
Attack: -) Nothing wielded
Press: ? - help, Dir - move target, f/p - centaur warrior
Aim: a centaur warrior (moderately wounded, about 23% to evade your hands)
Okay, then.
Unknown command.
Unknown command.
Attack: -) Nothing wielded
Press: ? - help, Dir - move target, f/p - centaur warrior
Aim: a centaur warrior (moderately wounded, about 23% to evade your hands)
You punch the centaur warrior!
The centaur warrior is heavily wounded.
Something barely misses you.
The killer bee stings your howler monkey. x2
Your howler monkey closely misses the killer bee.
The centaur warrior hits you!
* * * LOW HITPOINT WARNING * * *
The centaur warrior kicks you but does no damage.
Okay, then.
Attack: -) Nothing wielded
Press: ? - help, Dir - move target, f/p - centaur warrior
Aim: a centaur warrior (heavily wounded, about 23% to evade your hands)
Okay, then.
Okay, then.
Unknown command.
Attack: -) Nothing wielded
Press: ? - help, Dir - move target, f/p - centaur warrior
Aim: a centaur warrior (heavily wounded, about 23% to evade your hands)
You hit the centaur warrior.
The centaur warrior is severely wounded.
Something barely misses you. Something hits you but does no damage.
The killer bee stings your howler monkey!
Your howler monkey completely misses the killer bee.
The centaur warrior hits you but does no damage.
The centaur warrior closely misses you.
The two-headed ogre closely misses your howler monkey.
The two-headed ogre hits your howler monkey with a +0 giant club!
Your howler monkey dies!
Your howler monkey's corpse dissolves into shadows!
A manticore comes into view.
Attack: -) Nothing wielded
Press: ? - help, Dir - move target, f/p - centaur warrior
Aim: a centaur warrior (severely wounded, about 23% to evade your hands)
You closely miss the centaur warrior.
The centaur warrior is severely wounded.
Your surroundings suddenly seem different.
Xom thinks this is hilarious!
Xom titters.
The wraith looks rather confused.
You are now a beloved toy of Xom.
You feel much better. The wraith hits you.
* * * LOW HITPOINT WARNING * * *
The wraith drains your vigour!
You feel yourself slow down.
The wraith hits itself but does no damage.
Attack: -) Nothing wielded
Press: ? - help, Dir - move target, f - wraith
Aim: a wraith (confused, about 15% to evade your hands)
You punch the wraith!
The wraith is moderately damaged.
Attack: -) Nothing wielded
Press: ? - help, Dir - move target, f/p - wraith
Aim: a wraith (moderately damaged, confused, about 15% to evade your hands)
You strike the helpless wraith from behind!
You hit the wraith.
The wraith is heavily damaged.
The wraith hits you.
* * * LOW HITPOINT WARNING * * *
The wraith drains your vigour!
You feel as though you will be slow longer.
The wraith barely misses you.
Attack: -) Nothing wielded
Press: ? - help, Dir - move target, f/p - wraith
Aim: a wraith (heavily damaged, confused, about 15% to evade your hands)
You hit the wraith.
Your tail-slap misses the wraith.
The wraith is severely damaged.
Attack: -) Nothing wielded
Press: ? - help, Dir - move target, f/p - wraith
Aim: a wraith (severely damaged, confused, about 15% to evade your hands)
You catch the helpless wraith completely off-guard!
You punch the wraith!
You destroy the wraith!
You have got your breath back.
You feel yourself speed up.
A wight comes into view. It is wielding a +3 spear.
Unknown command.
A wyvern comes into view. "Go forth and destroy!"
You fade into invisibility!
You are now a special plaything of Xom. "Where it stops, nobody knows!"
Your surroundings suddenly seem different.
You are now a toy of Xom.
Unknown command.
Unknown command.
Okay, then.
Aiming: Fastroot
Press: ? - help, Shift-Dir - straight line The roots erupt in riotous growth!
The howler monkey howls!
Roots grab the howler monkey.
Roots grab the two-headed ogre.
The centaur shouts!
Roots grab the centaur.
The grasping roots constrict the howler monkey!
The grasping roots constrict the two-headed ogre.
The grasping roots constrict the centaur.
You hear a shout!
You hear a bellow! x2; You hear a shout!
You hear an angry buzzing noise.
You hear a bellow!
You hear a shout!
You hear an angry buzzing noise. x2; You hear a shout!
The centaur struggles to escape constriction.
The two-headed ogre struggles to escape constriction.
Aiming: Throw Flame
Press: ? - help, Shift-Dir - straight line, f - centaur
Aim: a centaur (lightly wounded, unable to see you, constricted by roots, 100% to hit)
The puff of flame hits the centaur!
The centaur is heavily wounded.
The grasping roots constrict the howler monkey!
You kill the howler monkey!
The grasping roots constrict the two-headed ogre.
The grasping roots constrict the centaur!
The roots release their grip on the centaur.
The two-headed ogre struggles to escape constriction.
Throw: 48 darts (poison)
Press: ? - help, Shift-Dir - straight line, f - two-headed ogre, p - centaur
Aim: a two-headed ogre, wielding a +1 dire flail of protection and a +0 giant club (lightly wounded, unable to see you, constricted by roots, 93% to hit)
You throw a poisoned dart.
The poisoned dart hits the two-headed ogre.
The two-headed ogre is poisoned.
The two-headed ogre is lightly wounded.
The howler monkey howls!
The grasping roots constrict the two-headed ogre. "See what I see, my child!"
You detect creatures!
The two-headed ogre escapes!
Throw: 47 darts (poison)
Press: ? - help, Shift-Dir - straight line, f - howler monkey
Aim: a howler monkey (lightly wounded, wandering, unable to see you, hasn't noticed you, 58% to hit)
You throw a poisoned dart.
The poisoned dart barely misses the centaur.
The poisoned dart hits the howler monkey.
The howler monkey is lightly wounded.
Throw: 46 darts (poison)
Press: ? - help, Shift-Dir - straight line, f - two-headed ogre, p - howler monkey
Aim: a two-headed ogre, wielding a +1 dire flail of protection and a +0 giant club (steam, lightly wounded, unable to see you, poisoned, 76% to hit)
You throw a poisoned dart.
The poisoned dart hits the two-headed ogre.
The two-headed ogre looks even sicker.
The two-headed ogre is lightly wounded.
You hear a splash.
The howler monkey howls!
You hear a shout!
The two-headed ogre is engulfed in a cloud of scalding steam.
The centaur wields a +0 orcbow.
The centaur shoots an arrow.
The arrow hits you!
* * * LOW HITPOINT WARNING * * *
The howler monkey howls!
Press: ? - help, Shift-Dir - straight line, f/p - two-headed ogre
Aim: a two-headed ogre, wielding a +1 dire flail of protection and a +0 giant club (steam, lightly wounded, wandering, unable to see you, very poisoned, hasn't noticed you, 83% to hit)
You spit a glob of acid.
The glob of acid hits the two-headed ogre.
The acid corrodes the two-headed ogre!
The two-headed ogre is moderately wounded.
The centaur wields a +0 orcbow.
The centaur shoots an arrow.
The arrow barely misses you.
The centaur shoots an arrow.
The arrow hits the two-headed ogre!
The two-headed ogre is engulfed in a cloud of scalding steam.
The two-headed ogre hits you with a +1 dire flail of protection!
* * * LOW HITPOINT WARNING * * *
The two-headed ogre misses you.
You hear a bellow! x2
Attack: -) Nothing wielded
Press: ? - help, Dir - move target, f/p - two-headed ogre
Aim: a two-headed ogre, wielding a +1 dire flail of protection and a +0 giant club (steam, heavily wounded, unable to see you, very poisoned, covered in acid, about 18% to evade your hands)
You pummel the two-headed ogre!!
You kill the two-headed ogre!
You hear a splash. x2; The howler monkey howls!
The centaur shoots an arrow.
The arrow hits you.
* * * LOW HITPOINT WARNING * * *
The centaur shoots an arrow.
The arrow closely misses you.
You hear a shout!
The centaur shoots an arrow. x2; The arrow misses the howler monkey.
The arrow hits you!
* * * LOW HITPOINT WARNING * * *
The centaur shoots an arrow.
The arrow closely misses you.
Attack: -) Nothing wielded
Press: ? - help, Dir - move target, f - howler monkey
Aim: a howler monkey (lightly wounded, unable to see you, about 30% to evade your hands)
You punch the howler monkey!
The howler monkey is almost dead.
The centaur shoots an arrow.
The arrow hits the howler monkey!
The howler monkey dies!
Aiming: Mindburst
Press: ? - help, Shift-Dir - straight line, f - centaur
Aim: a centaur, wielding a +0 orcbow (almost dead, unable to see you, chance to affect: 64%)
The centaur's mind is blasted!
You blow up the centaur!
Aiming: Mindburst
Press: ? - help, Shift-Dir - straight line, f - centaur
Aim: a centaur, wielding a +0 orcbow (unable to see you, chance to affect: 64%)
The centaur's mind is blasted!
You hear a bellow!
A guardian serpent comes into view.
Aiming: Mindburst
Press: ? - help, Shift-Dir - straight line, f/p - centaur
Aim: a centaur, wielding a +0 orcbow (severely wounded, unable to see you, chance to affect: 64%)
The centaur struggles to resist.
Aiming: Mindburst
Press: ? - help, Shift-Dir - straight line, f/p - centaur
Aim: a centaur, wielding a +0 orcbow (severely wounded, wandering, unable to see you, hasn't noticed you, chance to affect: 64%)
The centaur's mind is blasted!
You blow up the centaur!
You hear a bellow!
Aiming: Mindburst
Press: ? - help, Shift-Dir - straight line, f - wight
Aim: a wight, wielding a +2 short sword and wearing a +0 robe (unable to see you, chance to affect: 64%)
The wight's mind is blasted!
You hear a bellow!
You hear an angry buzzing noise.
Aiming: Mindburst
Press: ? - help, Shift-Dir - straight line, f/p - wight
Aim: a wight, wielding a +2 short sword and wearing a +0 robe (severely damaged, unable to see you, chance to affect: 64%)
The wight's mind is blasted!!
You blow up the wight!
Xom's power almost touches on you for a moment.
Your fizzy emerald potion briefly glows.
You feel much better.
Attack: -) Nothing wielded
Press: ? - help, Dir - move target, f - guardian serpent
Aim: a guardian serpent (about 38% to evade your hands)
You closely miss the guardian serpent.
You tail-slap the guardian serpent, but do no damage.
The yak bellows!
You punch the guardian serpent!
The guardian serpent is moderately wounded.
You hear a shout! x2; You hear an angry buzzing noise.
The guardian serpent closely misses you.
Attack: -) Nothing wielded
Press: ? - help, Dir - move target, f/p - guardian serpent
Aim: a guardian serpent (moderately wounded, about 38% to evade your hands)
You completely miss the guardian serpent.
The guardian serpent is moderately wounded.
The guardian serpent hits you!
* * * LOW HITPOINT WARNING * * *
Attack: -) Nothing wielded
Press: ? - help, Dir - move target, f/p - guardian serpent
Aim: a guardian serpent (moderately wounded, about 38% to evade your hands)
You hit the guardian serpent. Your punch misses the guardian serpent.
The guardian serpent is moderately wounded.
The guardian serpent misses you. The guardian serpent hits you!
* * * LOW HITPOINT WARNING * * *
Attack: -) Nothing wielded
Press: ? - help, Dir - move target, f/p - guardian serpent
Aim: a guardian serpent (moderately wounded, about 38% to evade your hands)
You barely miss the guardian serpent. You punch the guardian serpent.
The guardian serpent is heavily wounded.
The guardian serpent hits you but does no damage.
Attack: -) Nothing wielded
Press: ? - help, Dir - move target, f/p - guardian serpent
Aim: a guardian serpent (heavily wounded, about 38% to evade your hands)
You miss the guardian serpent.
Your tail-slap misses the guardian serpent.
The guardian serpent is heavily wounded.
The guardian serpent closely misses you.
Attack: -) Nothing wielded
Press: ? - help, Dir - move target, f/p - guardian serpent
Aim: a guardian serpent (heavily wounded, about 38% to evade your hands)
You punch the guardian serpent!
The guardian serpent is almost dead.
The guardian serpent hits you.
* * * LOW HITPOINT WARNING * * *
Attack: -) Nothing wielded
Press: ? - help, Dir - move target, f/p - guardian serpent
Aim: a guardian serpent (almost dead, about 38% to evade your hands)
You closely miss the guardian serpent. You tail-slap the guardian serpent.
The guardian serpent is almost dead.
The guardian serpent hits you.
* * * LOW HITPOINT WARNING * * *
Attack: -) Nothing wielded
Press: ? - help, Dir - move target, f/p - guardian serpent
Aim: a guardian serpent (almost dead, about 38% to evade your hands)
You hit the guardian serpent but do no damage.
You punch the guardian serpent.
The guardian serpent is almost dead.
The guardian serpent closely misses you.
Attack: -) Nothing wielded
Press: ? - help, Dir - move target, f/p - guardian serpent
Aim: a guardian serpent (almost dead, about 38% to evade your hands)
You barely miss the guardian serpent. You tail-slap the guardian serpent.
The guardian serpent is almost dead.
The guardian serpent completely misses you.
Attack: -) Nothing wielded
Press: ? - help, Dir - move target, f/p - guardian serpent
Aim: a guardian serpent (almost dead, about 38% to evade your hands)
You punch the guardian serpent!
You kill the guardian serpent!
The guardian serpent's shape twists and changes as it dies.
Training target 14.0 for Unarmed Combat reached!
Your Unarmed Combat skill increases to level 14!
You need to enable at least one skill for training.
Unknown command.
Throw: 79 stones
Press: ? - help, Q - select action, (/) - cycle Shift-Dir - straight line, f - cyclops
Aim: a cyclops, quivering large rocks (wandering, unable to see you, hasn't noticed you, 86% to hit)
Okay, then.
Throw: 45 darts (poison)
Press: ? - help, Shift-Dir - straight line, f - cyclops
Aim: a cyclops, quivering large rocks (wandering, unable to see you, hasn't noticed you, 86% to hit)
You throw a poisoned dart. The poisoned dart hits the cyclops.
The cyclops is poisoned.
The cyclops shouts!
Xom smiles on you.
You feel clever all of a sudden.
You hear a roar!
You hear an angry hiss.
Throw: 44 darts (poison)
Press: ? - help, Shift-Dir - straight line, f/p - cyclops
Aim: a cyclops, quivering large rocks (unable to see you, poisoned, 86% to hit)
You throw a poisoned dart. The poisoned dart hits the cyclops.
The cyclops looks even sicker.
Throw: 43 darts (poison)
Press: ? - help, Shift-Dir - straight line, f/p - cyclops
Aim: a cyclops, quivering large rocks (unable to see you, very poisoned, 86% to hit)
You throw a poisoned dart. The poisoned dart hits the cyclops.
The cyclops looks even sicker.
Throw: 2 darts (curare)
Press: ? - help, Shift-Dir - straight line, f/p - cyclops
Aim: a cyclops, quivering large rocks (lightly wounded, unable to see you, very poisoned, 86% to hit)
You throw a curare-tipped dart.
The curare-tipped dart hits the cyclops.
The cyclops looks as sick as possible!
The cyclops struggles to breathe.
The cyclops seems to slow down.
The cyclops is moderately wounded.
The cyclops throws a large rock.
The large rock hits you!!
You die...

####...# ♣.♣ ##.# ##......#
♣.♣ ♣.♣ ###.#.#.### ?..
♣♣♣♣♣♣.♣♣♣ #.......# ♣♣.♣♣
♣y.S...... #.......# ♣...♣
♣..H...... #>......# ♣♣.♣♣
♣..'#####' #.......###♣...♣#
♣..#.....#
#.........#.~(~.♣♣♣..#.....#
#.......###@)~~)C((..#...T.#
####.#### #.~~~)♣♣♣.Z#y....#
#.#.# #♣...♣# ♣Y.#Y....#
##.## ♣♣)♣♣ ♣.xz# ###' #.#
♣... ♣Y..y..... #.# ♣ (♣♣
♣.yC...... ####.#### ..
♣♣♣♣♣♣.♣♣♣ #..>....# ♣ ♣y♣
#.##.##c### #y


You could see a cyclops (unable to see you, extremely poisoned, slow).

Vanquished Creatures
  A two-headed ogre (D:9)
  2 elephants
  A guardian serpent (shapeshifter) (D:9)
  A kobold demonologist (D:10)
  A komodo dragon (D:8)
  Grinder (D:6)
  3 hornets
  3 wyverns
  2 wraiths (D:9)
  4 water moccasins
  An acid dragon (D:9)
  A black bear (D:5)
  Duvessa (D:6)
  An orc warrior (D:9)
  4 ice beasts
  6 centaurs
  3 ogres
  3 phantoms
  6 kobold brigands
  5 bullfrogs
  2 gnoll sergeants
  3 scorpions
  4 wights
  Dowan (D:6)
  15 killer bees
  A howler monkey (D:9)
  Crazy Yiuf (D:7)
  A bombardier beetle (D:6)
  4 hounds
  4 orc priests
  2 jellies
  A sleepcap (D:7)
  Jessica (D:2)
  An iguana (D:5)
  7 orc wizards
  7 gnolls
  2 adders (D:6)
  A shadow imp (D:3)
  A white imp (D:6)
  3 ufetubi (D:6)
  A dart slug (D:3)
  2 ribbon worms
  22 orcs
  7 endoplasms
  2 giant cockroaches
  6 goblins
  A hobgoblin (D:2)
  4 quokkas
  4 ball pythons
  8 bats
  A frilled lizard (D:1)
  30 kobolds
  3 rats
203 creatures vanquished.

Vanquished Creatures (collateral kills)
  A merfolk (D:9)
  An ogre (D:6)
  A kobold brigand (D:7)
  A bullfrog (D:6)
  2 howler monkeys (D:9)
  4 gnolls (D:9)
  An orc (D:7)
  7 kobolds (D:7)
18 creatures vanquished.

Vanquished Creatures (others)
  A howler monkey (D:9)
1 creature vanquished.

Grand Total: 222 creatures vanquished

Notes
Turn   | Place    | Note
-------+----------+-------------------------------------------
     0 | D:1      | jagoly the Draconian Chaos Knight began the quest for the
                  | Orb.
     0 | D:1      | Reached XP level 1. HP: 19/19 MP: 1/1
    69 | D:1      | XOM: silly message
   249 | D:1      | XOM: silly message
   277 | D:1      | Reached XP level 2. HP: 26/26 MP: 2/2
   343 | D:1      | Reached skill level 1 in Stealth
   560 | D:1      | XOM: divination: detect items
   745 | D:2      | Reached XP level 3. HP: 29/31 MP: 3/3
   787 | D:2      | Noticed Jessica
   794 | D:2      | XOM: cleaving
   811 | D:2      | XOM: scenery: summon butterflies
   823 | D:2      | Killed Jessica
   991 | D:2      | XOM is BORED!
   991 | D:2      | XOM: summons 1 hostile demon
  1158 | D:2      | XOM: give mutations
  1158 | D:2      | Gained mutation: You are agile. (Dex +4, Str/Int -1) [Xom's
                  | grace]
  1158 | D:2      | Gained mutation: You are somewhat resistant to further
                  | mutation. [Xom's grace]
  1158 | D:2      | Gained mutation: Your spells are a little harder to cast,
                  | but a little more powerful. [Xom's grace]
  1250 | D:2      | XOM: cloud trail
  1421 | D:2      | XOM: cloud trail
  1432 | D:2      | XOM: silly message
  1647 | D:3      | Noticed a phantom
  1863 | D:3      | Reached XP level 4. HP: 34/40 MP: 4/4
  1870 | D:3      | Found a radiant altar of Vehumet.
  2017 | D:3      | Reached skill level 4 in Unarmed Combat
  2101 | D:3      | Found a faded altar of an unknown god.
  2487 | D:4      | XOM: stealth player
  2512 | D:4      | XOM: fog
  2589 | D:4      | Found a staircase to the Ecumenical Temple.
  2716 | D:4      | XOM: give mutations
  2716 | D:4      | Gained mutation: You occasionally lose the ability to drink
                  | potions when taking damage. [Xom's mischief]
  2716 | D:4      | Lost mutation: Your spells are a little harder to cast, but
                  | a little more powerful. [Xom's mischief]
  2716 | D:4      | Gained mutation: Your magical capacity is low. (-10% MP)
                  | [Xom's mischief]
  2833 | D:4      | Noticed an ogre
  2836 | D:4      | XOM: cast spell 'Leda's Liquefaction'
  2955 | D:5      | Entered Level 5 of the Dungeon
  3058 | D:4      | Reached XP level 5. HP: 45/46 MP: 4/4
  3121 | D:3      | XOM: divination: detect items
  3151 | D:3      | Killed a phantom
  3152 | D:3      | Reached skill level 5 in Unarmed Combat
  3383 | D:5      | Noticed a black bear
  3527 | D:4      | Reached XP level 6. HP: 51/52 MP: 5/5
  3555 | D:5      | Reached skill level 6 in Unarmed Combat
  3737 | D:5      | Found an ancient bone altar of Kikubaaqudgha.
  3831 | D:5      | Noticed an ice beast
  3983 | D:5      | Identified the +6 trident "Luxt" {freeze, ^Drain Fly rCorr
                  | Int+6}
  4197 | D:5      | Reached skill level 7 in Unarmed Combat
  4334 | D:5      | XOM: noise
  4346 | D:5      | Your scales start taking on a golden yellow colour.
  4346 | D:5      | Reached XP level 7. HP: 53/59 MP: 6/6
  4346 | D:5      | Gained mutation: You are resistant to acid. (rCorr) [Yellow
                  | Draconian growth]
  4489 | D:5      | XOM: silly message
  4584 | D:5      | Reached skill level 8 in Unarmed Combat
  4590 | D:5      | XOM: enchant monster (good)
  4699 | D:5      | XOM: divination: detect items
  5124 | D:6      | XOM: noise
  5124 | D:6      | XOM: cast spell 'Summon Horrible Things'
  5127 | D:6      | Reached skill level 9 in Unarmed Combat
  5127 | D:6      | Reached XP level 8. HP: 66/66 MP: 7/7
  5140 | D:6      | Found an iron altar of Okawaru.
  5141 | D:6      | Found a blossoming altar of Fedhas.
  5142 | D:6      | Found a basalt altar of Yredelemnul.
  5146 | D:6      | Found a runed translucent gate.
  5151 | D:6      | Found a runed translucent gate.
  5151 | D:6      | Found a runed translucent gate.
  5151 | D:6      | Noticed kasel's ghost (amateur FoFi)
  5201 | D:6      | XOM: confusion (+ monsters)
  5296 | D:6      | Noticed Grinder
  5436 | D:6      | XOM: cast spell 'Alistair's Intoxication'
  5450 | D:6      | Reached skill level 10 in Unarmed Combat
  5575 | D:6      | Noticed Dowan
  5602 | D:7      | XOM: noise
  5645 | D:7      | XOM: scenery: create altars
  5667 | D:7      | Found a runed translucent door.
  5668 | D:7      | Noticed Crazy Yiuf
  5683 | D:7      | Killed Crazy Yiuf
  5768 | D:7      | XOM: summons 8 friendly demons
  5776 | D:7      | Reached skill level 11 in Unarmed Combat
  5842 | D:6      | Noticed Duvessa
  5849 | D:6      | XOM: cast spell 'Metabolic Englaciation'
  5853 | D:6      | XOM: chaos upgrade
  5854 | D:6      | Killed Duvessa
  5855 | D:6      | Reached XP level 9. HP: 63/71 MP: 8/8
  5860 | D:6      | Paralysed by Grinder for 4 turns
  5862 | D:6      | XOM: summons friendly neqoxec
  5866 | D:6      | Killed Grinder
  5897 | D:6      | Killed Dowan
  5898 | D:6      | Reached skill level 12 in Unarmed Combat
  6013 | D:6      | XOM: 3-stop teleportation journey
  6072 | D:6      | XOM: silly message
  6611 | D:7      | XOM: silly message
  6910 | D:4      | Reached skill level 5 in Fighting
  7070 | D:8      | Found a white marble altar of Elyvilon.
  7163 | D:8      | XOM is BORED!
  7163 | D:8      | XOM: 1-stop teleportation journey
  7196 | D:8      | Identified the +5 great sword of Understanding {speed,
                  | Int+2 Stlth+}
  7206 | D:8      | XOM: 4-stop teleportation journey
  7295 | D:8      | Noticed an elephant
  7295 | D:8      | Noticed a komodo dragon
  7306 | D:7      | XOM: silly message
  7308 | D:7      | XOM: noise
  7321 | D:7      | Killed an elephant
  7598 | D:8      | XOM: summons 2 friendly demons
  7612 | D:8      | Killed a komodo dragon
  7613 | D:8      | Reached skill level 5 in Dodging
  7613 | D:8      | Reached XP level 10. HP: 60/86 MP: 9/9
  7919 | D:8      | Found a staircase to the Lair.
  7919 | D:8      | Noticed an elephant
  7921 | D:8      | XOM: divination: detect items
  7926 | D:8      | Killed an elephant
  8352 | D:9      | XOM: enchant monster (bad)
  8387 | D:9      | XOM: 3-stop teleportation journey
  8393 | D:9      | Noticed a cyclops
  8393 | D:9      | Noticed a two-headed ogre
  8397 | D:9      | XOM: scenery: create altars
  8453 | D:10     | Entered Level 10 of the Dungeon
  8453 | D:10     | Found Lakyxen's Magic Scroll Boutique.
  8461 | D:10     | XOM: divination: detect items
  8481 | D:10     | Bought a scroll of summoning for 133 gold pieces
  8481 | D:10     | Bought a scroll of silence for 133 gold pieces
  8636 | D:9      | Reached skill level 1 in Throwing
  8716 | D:9      | XOM: potion effect (attraction)
  8719 | D:9      | XOM: divination: magic mapping
  8738 | D:9      | XOM: confuse monster(s)
  8757 | D:9      | XOM: divination: detect items
  8800 | D:9      | Noticed a centaur warrior
  8800 | D:9      | XOM: 4-stop teleportation journey
  8806 | D:9      | XOM: summons friendly shadow imp
  8807 | D:9      | XOM: 1-stop teleportation journey
  8815 | D:9      | XOM: cast spell 'Monstrous Menagerie'
  9090 | D:9      | Found a basalt altar of Yredelemnul.
  9316 | D:10     | XOM: silly message
  9437 | D:10     | Paralysed by a hornet for 2 turns
  9536 | D:10     | Reached skill level 13 in Unarmed Combat
  9643 | D:10     | XOM: silly message
 10178 | D:4      | Learned a level 2 spell: Blink
 10264 | D:9      | XOM: torment (47/91 hp)
 10266 | D:9      | Reached XP level 11. HP: 50/97 MP: 9/9
 10441 | D:9      | XOM: 1-stop teleportation journey
 10445 | D:9      | Noticed a tengu warrior
 10454 | D:9      | XOM: confuse monster(s)
 10477 | D:9      | XOM: potion effect (invisibility)
 10478 | D:9      | XOM: 1-stop teleportation journey
 10481 | D:9      | XOM: divination: detect creatures
 10485 | D:9      | Killed a two-headed ogre
 10493 | D:9      | XOM: silly message
 10505 | D:9      | Reached skill level 14 in Unarmed Combat
 10505 | D:9      | XOM: potion effect (brilliance)
 10508 | D:9      | Hit by a large rock thrown by a cyclops

Illustrated notes

Levels and vault maps discovered:
D:1:      kennysheep_arrival_forest, layout_basic
D:2:      layout_basic, chequers_garden, chequers_big_river, uniq_jessica
D:3:      layout_loops_ring, lemuel_tele_altar, basic_ecumenical_altar
D:4:      layout_basic, minmay_temple_entry_proselytizer, grunt_decor_fettered
D:5:      kennysheep_kobold_camp, layout_gridville, kiku_gazebo_garden_becter
D:6:      layout_loops_ring, grunt_temple_overflow_open,
          gammafunk_ghost_nasty_kobolds, minmay_increasing_density,
          uniq_grinder, uniq_duvessa
D:7:      layout_rooms, chequers_jeans, uniq_crazy_yiuf_cottage
D:8:      layout_loops_ring, elyvilon_altar_5, grunt_lair_entry_orc_guard_hut,
          serial_bayou_crossing
D:9:      nzn_winding_woodlands_large [nzn_winding_woodlands_5x5_cross,
          nzn_winding_woodlands_5x15_pool, nzn_winding_woodlands_5x5_perimeter,
          nzn_winding_woodlands_center_triple_pond,
          nzn_winding_woodlands_15x15_killbox,
          nzn_winding_woodlands_center_pierced_h,
          nzn_winding_woodlands_5x5_open_star,
          nzn_winding_woodlands_5x15_sidewinder,
          nzn_winding_woodlands_5x5_three], layout_loops_cross, serial_shops,
          shop, roadster_trireme
D:10:     layout_loops_ring, serial_shops, shop

Skill      XL: |  1  2  3  4  5  6  7  8  9 10 11 |
---------------+----------------------------------+-----
Stealth        | 1 2 4 |  4.0
Unarmed Combat | 4 5 7 9 11 12 13 14 | 14.0
Fighting       | 4 7 9 |  9.0
Dodging        | 3 5 6 |  6.0
Throwing       | 2 |  2.0
Translocations | |  0.1

Action                     |  1- 3 |  4- 6 |  7- 9 | 10-12 || total
---------------------------+-------+-------+-------+-------++-------
  Melee: Unarmed           |   116 |   163 |   199 |   177 ||   655
         Tailslap          |    14 |    25 |    34 |    27 ||   100
         Punch             |     4 |    12 |    12 |    13 ||    41
  Throw: Dart              |     1 |    19 |    31 |    48 ||    99
         Stone             |       |    14 |    19 |     5 ||    38
Ability: Breathe Acid      |       |       |    24 |    20 ||    44
  Evoke: Wand              |       |     3 |     2 |     8 ||    13
    Use: Scroll            |     1 |     5 |     3 |     7 ||    16
         Potion            |       |       |     1 |     2 ||     3
   Stab: Sleeping          |     5 |     1 |     2 |     1 ||     9
         Confused          |       |       |       |     4 ||     4
 Armour: Skin              |    50 |    74 |    90 |   146 ||   360
  Dodge: Dodged            |    82 |    74 |   106 |   121 ||   383

Table legend: (Time is in decaauts)
 A = Elapsed time spent in this place.
 B = Non-inter-level travel time spent in this place.
 C = Inter-level travel time spent in this place.
 D = Time resting spent in this place.
 E = Time spent auto-exploring this place.
 F = Levels seen in this place.
 G = Mean time per level.
                   A        B        C        D        E       F      G
               +--------+--------+--------+--------+--------+-----+--------+
         Total |  10452 |   9477 |    975 |    907 |   4792 |  10 | 1045.2 |
       Dungeon |  10452 |   9477 |    975 |    907 |   4792 |  10 | 1045.2 |
               +--------+--------+--------+--------+--------+-----+--------+

Top non-repeatable levels by time:
     D:5: 1613 daAuts
     D:8: 1159 daAuts
     D:4: 1127 daAuts
     D:3: 1085 daAuts
     D:2: 1011 daAuts
     D:7: 997 daAuts
     D:6: 993 daAuts
     D:9: 942 daAuts
    D:10: 938 daAuts
     D:1: 583 daAuts
